Workbook

Sheet Inc Stmt_1
A1: St Louis Board of Education
A3: (St. Louis Public Schools)
A4: Statement of Revenues, Expenditures and Changes in Fund Balances - Governmental Funds
A6: Begin Post Date Jul 1, 2019 To End Post Date Sep 30, 2019
G9: General Funds | I9: Teachers Fund | K9: Debt Services | M9: Building | O9: DESEG Vocation Ed | Q9: DESEG Settlement | S9: Non-Major Governmental Funds | U9: Bond Proceeds | W9: Total
A10: Revenues
A11: Local Revenues
A12: Current Taxes | G12: 141107.87 | I12: 3853955.9 | K12: - | M12: - | O12: - | Q12: - | S12: - | U12: - | W12: 3995063.8
A13: Delinquent Taxes | G13: 990058.4 | I13: - | K13: 140193.57 | M13: - | O13: - | Q13: - | S13: - | U13: - | W13: 1130252
A14: Interest on Investments | G14: 79403.56 | I14: - | K14: 7489.81 | M14: - | O14: - | Q14: - | S14: - | U14: - | W14: 86893.37
A15: Other | G15: 310279.07 | I15: 0 | K15: - | M15: 5150 | O15: - | Q15: - | S15: - | U15: - | W15: 315429.07
A16: Local Revenues - Total | G16: 1520848.9 | I16: 3853955.9 | K16: 147683.38 | M16: 5150 | W16: 5527638.2
A17: County Revenues | G17: - | I17: 3425.4 | K17: - | M17: - | O17: - | Q17: - | S17: - | U17: - | W17: 3425.4
A18: Federal Revenues | G18: 1198532.7 | I18: 367695.82 | K18: - | M18: - | O18: - | Q18: - | S18: - | U18: - | W18: 1566228.6
A19: State revenues | G19: 1952550.6 | I19: 2311376 | K19: - | M19: - | O19: - | Q19: - | S19: - | U19: - | W19: 4263926.6
A20: Revenues - Total | G20: 4671932.2 | I20: 6536453.1 | K20: 147683.38 | M20: 5150 | W20: 11361219
A22: Expenditures
A23: Instruction | G23: 2139660.7 | I23: 10673694 | K23: - | M23: - | O23: - | Q23: - | S23: - | U23: - | W23: 12813355
A24: Building Services | G24: 5825043.5 | I24: 46551.23 | K24: - | M24: - | O24: - | Q24: - | S24: - | U24: - | W24: 5871594.7
A25: Administration | G25: 2370380.5 | I25: 2157917.8 | K25: - | M25: - | O25: - | Q25: - | S25: - | U25: - | W25: 4528298.3
A26: Instructional Support | G26: 2127618.6 | I26: 1967199.9 | K26: - | M26: - | O26: - | Q26: - | S26: - | U26: - | W26: 4094818.5
A27: Non-Instructional Support | G27: 3329553.7 | I27: 34373.31 | K27: - | M27: - | O27: - | Q27: - | S27: - | U27: - | W27: 3363927
A28: Transportation | G28: 238133.45 | I28: - | K28: - | M28: - | O28: - | Q28: - | S28: - | U28: - | W28: 238133.45
A29: Food and Community Services | G29: 809938.58 | I29: 776502.61 | K29: - | M29: - | O29: - | Q29: - | S29: - | U29: - | W29: 1586441.2
A30: Current Expenditures - Total | G30: 16840329 | I30: 15656239 | K30: - | M30: - | O30: - | Q30: - | S30: - | U30: - | W30: 32496568
A31: CAPITAL OUTLAY - Total | G31: 0 | I31: 0 | K31: 0 | M31: 2729302 | O31: 0 | Q31: 0 | S31: 0 | U31: 0 | W31: 2729302
A33: Excess (Deficiency) Revenue - Expense | G33: -12168397 | I33: -9119785.5 | K33: 147683.38 | M33: -2724152 | O33: 0 | Q33: 0 | S33: 0 | U33: 0 | W33: -23864651
A34: DEBT SERVICE | G34: General Funds | I34: Teachers Fund | K34: Debt Services | M34: Building | O34: Vocation Ed | Q34: Settlement | S34: Nonmajor | U34: Bond Proceeds | W34: Total
A35: Interest | G35: 0 | I35: 0 | K35: -2530362.5 | M35: 0 | O35: 0 | Q35: 0 | S35: 0 | U35: 0 | W35: -2530362.5
A36: DEBT SERVICE - Total | G36: 0 | I36: 0 | K36: -2530362.5 | M36: 0 | O36: 0 | Q36: 0 | S36: 0 | U36: 0 | W36: -2530362.5
A37: Other Financing Sources (Uses)
A39: Net Change in Fund Balances | G39: -12168397 | I39: -9119785.5 | K39: 2678045.9 | M39: -2724152 | O39: 0 | Q39: 0 | S39: 0 | U39: 0 | W39: -21334288
A40: Fund Balances - Beginning of period | G40: =98200194.9-16067119.99 -> 82133075 | I40: =-16067119.99+16067119.99 -> 0 | K40: 48577884 | M40: -537200.08 | O40: 525852.88 | Q40: 7396441.4 | S40: 0 | U40: 0 | W40: =SUM(G40:V40) -> 1.3809605e+08
A41: Fund Balances - End of Period | G41: =+G39+G40 -> 69964678 | I41: =+I39+I40 -> -9119785.5 | K41: =+K39+K40 -> 51255930 | M41: =+M39+M40 -> -3261352.1 | O41: =+O39+O40 -> 525852.88 | Q41: =+Q39+Q40 -> 7396441.4 | S41: =+S39+S40 -> 0 | U41: =+U39+U40 -> 0 | W41: =+W39+W40 -> 1.1676176e+08

Sheet Bal Stmt_2
A1: St Louis Board of Education
A3: (St. Louis Public Schools)
A4: Balance Sheet - Governmental Funds
A5: As Of Sep 30, 2019
F8: General Funds | H8: Teachers Fund | J8: Debt Services | L8: Building | N8: DESEG Vocation Ed | P8: DESEG Settlement | R8: Non-Major Governmental Funds | T8: Bond Proceeds | V8: Total
A9: Assets
A10: Cash and Temporary Investments
A11: Cash and Investments | F11: =-13850522.14+106310541.95-9419858.81-27101557.85+10249804 -> 66188407 | H11: =-9419858.81-8311924.46+8311924.46+922360.04 -> -8497498.8 | J11: =-3999202.79+37652832.87 -> 33653630 | L11: =-3225940.35-15072.21 -> -3241012.6 | N11: 525852.88 | P11: =7400335.79-3894.4 -> 7396441.4 | R11: -688371.14 | T11: - | V11: =SUM(F11:U11) -> 95337449
A12: Investments held for Bond Inde | J12: =7031948.13+10548029.37 -> 17579978 | T12: - | V12: =SUM(F12:U12) -> 17579978
A13: Cash and Temporary Investments - Total | F13: =+F11+F12 -> 66188407 | H13: =+H11+H12 -> -8497498.8 | J13: =+J11+J12 -> 51233608 | L13: =+L11+L12 -> -3241012.6 | N13: =+N11+N12 -> 525852.88 | P13: =+P11+P12 -> 7396441.4 | R13: =+R11+R12 -> -688371.14 | T13: - | V13: =SUM(F13:U13) -> 1.1291743e+08
A14: Accounts Receivable
A15: Receivables - Grants | F15: =-1853705.82+11428833.3 -> 9575127.5 | H15: =102254-757442.71 -> -655188.71 | T15: - | V15: =SUM(F15:U15) -> 8919938.8
A16: Receivables - Taxes | F16: =-6937930.23+20833753.23 -> 13895823 | J16: =-319266.74+2176640.74 -> 1857374 | T16: - | V16: =SUM(F16:U16) -> 15753197
A17: Receivables - Other | F17: =-318034.48-5408767.42 -> -5726801.9 | J17: =-35432.73+57754.67 -> 22321.94 | L17: -1823 | R17: 4872.26 | T17: - | V17: =SUM(F17:U17) -> -5701430.7
A18: Accounts Receivable - Total | F18: =+F17+F16+F15 -> 17744149 | H18: =+H17+H16+H15 -> -655188.71 | J18: =+J17+J16+J15 -> 1879695.9 | L18: =+L17+L16+L15 -> -1823 | N18: =+N17+N16+N15 -> 0 | P18: =+P17+P16+P15 -> 0 | R18: =+R17+R16+R15 -> 4872.26 | T18: - | V18: =SUM(F18:U18) -> 18971705
A19: Other Current Assets
A20: Prepaid Assets | F20: =-224.11+9865.29 -> 9641.18 | T20: - | V20: =SUM(F20:U20) -> 9641.18
A21: Other Current Assets - Total | F21: =+F20 -> 9641.18 | H21: =+H20 -> 0 | J21: =+J20 -> 0 | L21: =+L20 -> 0 | N21: =+N20 -> 0 | P21: =+P20 -> 0 | R21: =+R20 -> 0 | T21: - | V21: =SUM(F21:U21) -> 9641.18
A22: Assets - Total | F22: =+F13+F18+F21 -> 83942197 | H22: =+H13+H18+H21 -> -9152687.5 | J22: =+J13+J18+J21 -> 53113304 | L22: =+L13+L18+L21 -> -3242835.6 | N22: =+N13+N18+N21 -> 525852.88 | P22: =+P13+P18+P21 -> 7396441.4 | R22: =+R13+R18+R21 -> -683498.88 | T22: - | V22: =SUM(F22:U22) -> 1.3189877e+08
A23: LIABILITIES AND FUND BALANCES
A24: Liabilities
A25: Accounts Payable | F25: =-10187153.79+10548908.06 -> 361754.27 | H25: =-147926.85+115024.83 -> -32902.02 | J25: 0 | L25: =-503611.35+515049.77 -> 11438.42 | N25: - | P25: - | R25: -2291518.8 | T25: - | V25: =SUM(F25:U25) -> -1951228.2
A26: Claims Payable | F26: 10249804 | H26: - | J26: 0 | L26: - | N26: - | P26: - | R26: 0 | T26: - | V26: =SUM(F26:U26) -> 10249804
A27: Deferred Tax Revenue | F27: - | H27: - | J27: 1857374 | L27: - | N27: - | P27: - | R27: -2313518.7 | T27: - | V27: =SUM(F27:U27) -> -456144.69
A28: Other Accrued Liabilities | F28: =-604866.13+2063101.06 -> 1458234.9 | H28: =-49892.5+49892.5 -> 0 | J28: - | L28: 7078.1 | N28: - | P28: - | R28: - | T28: - | V28: =SUM(F28:U28) -> 1465313
A29: Deposits and Escrow Funds | F29: 1907725.7 | H29: - | J29: - | L29: - | N29: - | P29: - | R29: 3921538.6 | T29: - | V29: =SUM(F29:U29) -> 5829264.3
A30: Liabilities - Total | F30: =SUM(F25:G29) -> 13977519 | H30: =SUM(H25:I29) -> -32902.02 | J30: =SUM(J25:K29) -> 1857374 | L30: =SUM(L25:M29) -> 18516.52 | N30: =SUM(N25:O29) -> 0 | P30: =SUM(P25:Q29) -> 0 | R30: =SUM(R25:S29) -> -683498.88 | T30: - | V30: =SUM(F30:U30) -> 15137008
A31: LIABILITIES - Total | F31: =+F30 -> 13977519 | H31: =+H30 -> -32902.02 | J31: =+J30 -> 1857374 | L31: =+L30 -> 18516.52 | N31: =+N30 -> 0 | P31: =+P30 -> 0 | R31: =+R30 -> -683498.88 | T31: - | V31: =SUM(F31:U31) -> 15137008
A32: Fund Balances | F32: =+'Inc Stmt_1'!G41:G41 -> 69964678 | H32: =+'Inc Stmt_1'!I41:I41 -> -9119785.5 | J32: =+'Inc Stmt_1'!K41:K41 -> 51255930 | L32: =+'Inc Stmt_1'!M41:M41 -> -3261352.1 | N32: =+'Inc Stmt_1'!O41:O41 -> 525852.88 | P32: =+'Inc Stmt_1'!Q41:Q41 -> 7396441.4 | R32: 0 | T32: 0 | V32: =SUM(F32:U32) -> 1.1676176e+08
A34: LIABILITIES AND FUND BALANCES | F34: =+F31+F32 -> 83942197 | H34: =+H31+H32 -> -9152687.5 | J34: =+J31+J32 -> 53113304 | L34: =+L31+L32 -> -3242835.6 | N34: =+N31+N32 -> 525852.88 | P34: =+P31+P32 -> 7396441.4 | R34: -683498.88 | T34: 0 | V34: =SUM(F34:U34) -> 1.3189877e+08
G35: =+F34-F22 -> 0 | I35: =+H34-H22 -> 0 | K35: =+J34-J22 -> 0 | M35: =+L34-L22 -> 0 | O35: =+N34-N22 -> 0 | Q35: =+P34-P22 -> 0 | S35: =+R34-R22 -> 0 | W35: =+V34-V22 -> 0
